 Dungeon Crawl Stone Soup version 0.23.2-40-g277498a001 (webtiles) character file.

Game seed: 6261543237407624952

500 Emblim88 the Grasshopper (level 7, -9/56 HPs)
             Began as a Gnoll Warper on Aug 27, 2019.
             Was an Initiate of Wu Jian.
             Mangled by an ogre
             ... wielding a +0 giant spiked club
              (14 damage)
             ... on level 5 of the Dungeon.
             The game lasted 00:07:22 (4734 turns).

Emblim88 the Grasshopper (Gnoll Warper)             Turns: 4734, Time: 00:07:22

Health: -9/56      AC:  4    Str: 13    XL:     7   Next: 16%
Magic:  14/15      EV: 15    Int: 15    God:    Wu Jian [......]
Gold:   201        SH:  0    Dex: 17    Spells: 13/17 levels left

rFire    + . .     SeeInvis .   a - +0 falchion
rCold    . . .     Gourm    .   (no shield)
rNeg     . . .     Faith    .   b - +0 leather armour
rPois    .         Spirit   .   (no helmet)
rElec    .         Reflect  .   (no cloak)
rCorr    .         Harm     .   c - +0 pair of gloves
MR       .....                  (no boots)
Stlth    ++........             l - amulet of the acrobat
HPRegen  0.18/turn              (no ring)
MPRegen  0.14/turn              (no ring)

@: no status effects
A: distributed training, fangs 1, blurry vision 1, fire resistance 1, mutation
resistance 1, strong nose
a: Renounce Religion


You were on level 5 of the Dungeon.
You worshipped Wu Jian.
Wu Jian was noncommittal.
You were not hungry.

You visited 1 branch of the dungeon, and saw 6 of its levels.

You collected 201 gold pieces.

Inventory:

Hand Weapons
 a - a +0 falchion (weapon)
 p - a +0 blowgun
Missiles
 e - 5 tomahawks of dispersal (quivered)
 q - 17 poisoned needles
Armour
 b - a +0 leather armour (worn)
 c - a +0 pair of gloves (worn)
Jewellery
 l - an amulet of the acrobat (around neck)
Scrolls
 d - a scroll of blinking
 i - a scroll of remove curse
 j - 2 scrolls of teleportation {unknown}
 n - a scroll of enchant weapon {unknown}
 o - 2 scrolls of identify {unknown}
 s - a scroll of amnesia {unknown}
Potions
 g - a potion of brilliance {unknown}
 h - a potion of flight {unknown}
 k - a potion of lignification {unknown}
 m - 2 potions of cancellation {unknown}
 r - a potion of curing
Comestibles
 f - 7 rations


   Skills:
 + Level 5.1 Fighting
 + Level 2.2 Short Blades
 + Level 5.1 Long Blades
 + Level 2.2 Axes
 + Level 2.2 Maces & Flails
 + Level 2.2 Polearms
 + Level 2.2 Staves
 + Level 2.2 Slings
 + Level 2.2 Bows
 + Level 2.2 Crossbows
 + Level 3.4 Throwing
 + Level 3.4 Armour
 + Level 5.1 Dodging
 + Level 2.2 Stealth
 + Level 2.2 Shields
 + Level 2.2 Unarmed Combat
 + Level 5.5 Spellcasting
 + Level 1.8 Conjurations
 + Level 1.8 Hexes
 + Level 1.8 Charms
 + Level 1.8 Summonings
 + Level 1.8 Necromancy
 + Level 5.7 Translocations
 + Level 1.8 Transmutations
 + Level 1.8 Fire Magic
 + Level 1.8 Ice Magic
 + Level 1.8 Air Magic
 + Level 1.8 Earth Magic
 + Level 1.8 Poison Magic
 + Level 2.5 Invocations
 + Level 2.2 Evocations


You had 13 spell levels left.
You knew the following spells:

 Your Spells              Type           Power        Failure   Level  Hunger
a - Blink                 Tloc           N/A          2%          2    #......
b - Shroud of Golubria    Chrm/Tloc      ###.......   6%          2    #......

Your spell library contained the following spells:

 Spells                   Type           Power        Failure   Level  Hunger
 Gell's Gravitas          Tloc           ###.......   5%          3    ###....
 Lesser Beckoning         Tloc           ###.......   5%          3    ###....
 Teleport Other           Tloc           ###.....     5%          3    ###....
 Summon Small Mammal      Summ           #...         9%          1    None
 Call Imp                 Summ           #.......     14%         2    #......
 Passage of Golubria      Tloc           N/A          17%         4    ####...
 Call Canine Familiar     Summ           #.......     26%         3    ###....
 Summon Guardian Golem    Hex/Summ       #.......     26%         3    ###....
 Summon Ice Beast         Ice/Summ       #.......     65%         4    ####...
 Summon Lightning Spire   Summ/Air       #.......     65%         4    ####...


Dungeon Overview and Level Annotations

Branches:
Dungeon (6/15)
 Temple: D:4-7

Altars:
Hepliaklqana
Okawaru
Trog
Uskayaw
Wu Jian
Yredelemnul
Zin
The Shining One

Annotations:
D:4 3 runed translucent doors, BushDid911's ghost, amateur VSFi; Kaiern's ghost, amateur MiBe; ciphuk's ghost, amateur OpBe; pheathergobbo575's ghost, novice OgFi
D:5 Eustachio


Innate Abilities, Weirdness & Mutations

Your experience applies equally to all skills.
You have very sharp teeth.
Your uncanny sense of smell can sniff out nearby items.
Scrolls take you a little longer to read.
Your flesh is heat resistant. (rF+)
You are somewhat resistant to further mutation.


Message History

You bite the ogre, but do no damage.
The ogre is heavily wounded.
The centaur barely misses you. The ogre closely misses you.
You riposte.
You hit the ogre.
The ogre is severely wounded.
You barely miss the ogre.
The ogre is severely wounded.
The centaur closely misses you.
You riposte.
You closely miss the centaur. The centaur hits you.
You barely miss the ogre.
The ogre is severely wounded.
The centaur misses you.
You riposte.
You hit the centaur but do no damage.
The ogre hits you with a +0 giant spiked club!!
* * * LOW HITPOINT WARNING * * *
You hit the ogre. You bite the ogre, but do no damage.
The ogre is almost dead.
The centaur barely misses you.
You riposte.
You barely miss the centaur. You bite the centaur, but do no damage.
The ogre hits you with a +0 giant spiked club!
You die...

###.######....#########
#.....)..............
#............##....####
#.....................#
#..#.#####.####.##
#.##.#...........#
#......######.#.##
####.########.#.##
#..........#@.#
############Oc# ∆ .Z.#
...## ###.. #.# ... ∆
#.#


You could see an ogre, a centaur and a quokka zombie.

Vanquished Creatures
  An ogre (D:5)
  A phantom (D:4)
  A crimson imp (D:5)
  A hound (D:4)
  An orc priest (D:4)
  2 orc wizards
  An iguana (D:5)
  5 adders
  A shadow imp (D:5)
  An ooze (D:1)
  An adder skeleton (D:4)
  2 worms
  3 dart slugs
  2 leopard geckos
  10 orcs
  4 ball pythons
  8 bats
  A giant cockroach (D:4)
  7 goblins
  5 hobgoblins
  6 jackals
  A quokka (D:4)
  5 frilled lizards
  11 kobolds
  2 quokka skeletons (D:4)
  6 rats
89 creatures vanquished.

Notes
Turn   | Place    | Note
-------+----------+-------------------------------------------
     0 | D:1      | Emblim88 the Gnoll Warper began the quest for the Orb.
     0 | D:1      | Reached XP level 1. HP: 20/20 MP: 6/6
    18 | D:1      | Reached XP level 2. HP: 17/26 MP: 7/7
   245 | D:1      | Reached XP level 3. HP: 31/31 MP: 9/9
   249 | D:1      | Learned a level 2 spell: Blink
   252 | D:1      | Learned a level 2 spell: Shroud of Golubria
   386 | D:1      | Reached skill level 5 in Spellcasting
   762 | D:2      | Reached skill level 1 in Invocations
  1043 | D:3      | Reached skill level 1 in Short Blades
  1043 | D:3      | Reached skill level 1 in Axes
  1043 | D:3      | Reached skill level 1 in Maces & Flails
  1043 | D:3      | Reached skill level 1 in Polearms
  1043 | D:3      | Reached skill level 1 in Staves
  1043 | D:3      | Reached skill level 1 in Slings
  1043 | D:3      | Reached skill level 1 in Bows
  1043 | D:3      | Reached skill level 1 in Crossbows
  1043 | D:3      | Reached skill level 1 in Stealth
  1043 | D:3      | Reached skill level 1 in Shields
  1043 | D:3      | Reached skill level 1 in Unarmed Combat
  1043 | D:3      | Reached skill level 1 in Evocations
  1089 | D:3      | Reached XP level 4. HP: 34/38 MP: 11/11
  1235 | D:3      | Found a glowing golden altar of the Shining One.
  1481 | D:3      | Reached skill level 1 in Conjurations
  1481 | D:3      | Reached skill level 1 in Hexes
  1481 | D:3      | Reached skill level 1 in Charms
  1481 | D:3      | Reached skill level 1 in Summonings
  1481 | D:3      | Reached skill level 1 in Necromancy
  1481 | D:3      | Reached skill level 1 in Transmutations
  1481 | D:3      | Reached skill level 1 in Fire Magic
  1481 | D:3      | Reached skill level 1 in Ice Magic
  1481 | D:3      | Reached skill level 1 in Air Magic
  1481 | D:3      | Reached skill level 1 in Earth Magic
  1481 | D:3      | Reached skill level 1 in Poison Magic
  1771 | D:3      | Found a bloodstained altar of Trog.
  1776 | D:3      | Found an iron altar of Okawaru.
  1998 | D:4      | Reached XP level 5. HP: 31/43 MP: 12/12
  2988 | D:4      | Found a runed translucent gate.
  2989 | D:4      | Found a runed translucent gate.
  2989 | D:4      | Found a runed translucent gate.
  2990 | D:4      | Noticed Kaiern's ghost (amateur MiBe)
  2991 | D:4      | Noticed BushDid911's ghost (amateur VSFi)
  2991 | D:4      | Noticed pheathergobbo575's ghost (novice OgFi)
  2991 | D:4      | Noticed ciphuk's ghost (amateur OpBe)
  3061 | D:4      | Reached XP level 6. HP: 50/50 MP: 13/13
  3259 | D:4      | Found a glowing silver altar of Zin.
  3259 | D:4      | Noticed a phantom
  3272 | D:4      | Found a basalt altar of Yredelemnul.
  3272 | D:4      | Found a hazy altar of Hepliaklqana.
  3273 | D:4      | Found a hide-covered altar of Uskayaw.
  3285 | D:4      | Found an ornate altar of the Wu Jian Council.
  3296 | D:4      | Killed a phantom
  3296 | D:4      | Reached skill level 5 in Fighting
  3296 | D:4      | Reached skill level 5 in Long Blades
  3296 | D:4      | Reached skill level 5 in Dodging
  3585 | D:4      | Became a worshipper of the Wu Jian Council
  3673 | D:5      | Entered Level 5 of the Dungeon
  3735 | D:5      | Gained mutation: Scrolls take you a little longer to read.
                  | [potion of mutation]
  3735 | D:5      | Gained mutation: You are somewhat resistant to further
                  | mutation. [potion of mutation]
  3735 | D:5      | Gained mutation: Your flesh is heat resistant. (rF+)
                  | [potion of mutation]
  3979 | D:5      | Reached XP level 7. HP: 31/56 MP: 15/15
  4146 | D:5      | Noticed Eustachio
  4734 | D:5      | Mangled by an ogre

Skill      XL: |  1  2  3  4  5  6 |
---------------+-------------------+-----
Spellcasting   | 5 |  5.5
Invocations    | 1 2 |  2.5
Short Blades   | 1 2 |  2.2
Axes           | 1 2 |  2.2
Maces & Flails | 1 2 |  2.2
Polearms       | 1 2 |  2.2
Staves         | 1 2 |  2.2
Slings         | 1 2 |  2.2
Bows           | 1 2 |  2.2
Crossbows      | 1 2 |  2.2
Stealth        | 1 2 |  2.2
Shields        | 1 2 |  2.2
Unarmed Combat | 1 2 |  2.2
Evocations     | 1 2 |  2.2
Conjurations   | 1 |  1.8
Hexes          | 1 |  1.8
Charms         | 1 |  1.8
Summonings     | 1 |  1.8
Necromancy     | 1 |  1.8
Transmutations | 1 |  1.8
Fire Magic     | 1 |  1.8
Ice Magic      | 1 |  1.8
Air Magic      | 1 |  1.8
Earth Magic    | 1 |  1.8
Poison Magic   | 1 |  1.8
Throwing       | 3 |  3.4
Armour         | 3 |  3.4
Fighting       | 5 |  5.1
Long Blades    | 5 |  5.1
Dodging        | 5 |  5.1
Translocations | |  5.7

Action                   |  1- 3 |  4- 6 |  7- 9 || total
-------------------------+-------+-------+-------++-------
Melee: Falchion          |    82 |   238 |    53 ||   373
       Bite              |    11 |    38 |    13 ||    62
       Punch             |       |     1 |     1 ||     2
 Cast: Shroud of Golubri |     1 |     6 |     5 ||    12
Invok: Lunge             |       |     4 |     2 ||     6
  Use: Scroll            |     2 |     1 |       ||     3
       Potion            |       |     2 |     2 ||     4
 Stab: Sleeping          |     1 |     2 |       ||     3
  Eat: Chunk             |       |     5 |       ||     5
       Ration            |       |     2 |     1 ||     3
Armor: Leather armour    |    14 |    31 |    13 ||    58
Dodge: Dodged            |    85 |   167 |    91 ||   343
       Rpst.: Falchion   |    28 |    55 |    27 ||   110
